 Dungeon Crawl Stone Soup version 0.28-a0-167-g7eff39e849 (webtiles) character file.

Game seed: 11031395546498530111

10397 Nattfarinn the Thaumaturge (level 11, -5/84 HPs)
             Began as a Djinni Earth Elementalist on Aug 16, 2021.
             Was an Initiate of Makhleb.
             Slain by a four-headed hydra (9 damage)
             ... on level 9 of the Dungeon.
             The game lasted 00:15:41 (13717 turns).

Nattfarinn the Thaumaturge (DjEE)                  Turns: 13717, Time: 00:15:41

Health: -5/84      AC:  4    Str:  7    XL:     11   Next: 92%
Gold:   730        EV: 15    Int: 21    God:    Makhleb [......] SH:  0 Dex: 13

rFire   + + +      SeeInvis +   L - +3 dagger (speed)
rCold   x . .      Faith    .   (no shield)
rNeg    . . .      Spirit   .   n - +1 robe {rF+}
rPois   ∞          Reflect  .   (no helmet)
rElec   .          Harm     .   v - +0 cloak
rCorr   +          Rampage  .   (no gloves)
Will    +....                   (boots unavailable)
Stlth   ++........              (no amulet)
HPRegen 0.24/turn               i - ring of see invisible
MPRegen 0.00/turn               j - ring of resist corrosion

@: flying, very slightly contaminated
A: sickness immunity, fire resistance 2, cold vulnerability 1, float, innate
caster, hp casting, extra vitality 1
a: Renounce Religion


You were on level 9 of the Dungeon.
You worshipped Makhleb.
Makhleb was noncommittal.
You visited 3 branches of the dungeon, and saw 12 of its levels.
You also visited: Ossuary.

You collected 730 gold pieces.

Inventory:

Hand Weapons
 L - a +3 dagger of speed (weapon)
Missiles
 c - 137 stones
 D - a throwing net
Armour
 b - a +0 robe
 n - a +1 robe of fire resistance (worn)
 v - a +0 cloak (worn)
Jewellery
 i - a ring of see invisible (left hand)
 j - a ring of resist corrosion (right hand)
 K - an amulet of faith
 M - a +6 ring of strength
Wands
 k - a wand of iceblast (34)
 t - a wand of polymorph (3)
 E - a wand of mindburst (32)
 H - a wand of acid (10)
 J - a wand of paralysis (12)
Scrolls
 d - 2 scrolls of fear
 e - 2 scrolls of magic mapping
 g - 4 scrolls of teleportation
 l - 3 scrolls of noise {unknown}
 m - a scroll of acquirement {unknown}
 o - a scroll of vulnerability
 p - 3 scrolls of fog {unknown}
 w - 6 scrolls of identify
 x - a scroll of immolation {unknown}
 y - 2 scrolls of enchant armour {unknown}
 B - a scroll of enchant weapon {unknown}
 F - a scroll of blinking {unknown}
 G - 2 scrolls of amnesia {unknown}
 I - a scroll of brand weapon {unknown}
Potions
 a - 3 potions of curing {unknown}
 f - 4 potions of heal wounds
 h - 4 potions of resistance {unknown}
 q - a potion of flight {unknown}
 r - a potion of brilliance {unknown}
 s - 2 potions of degeneration {unknown}
 u - 2 potions of magic {unknown}
 z - a potion of invisibility {unknown}
 A - a potion of mutation {unknown}
 C - 2 potions of might {unknown}


   Skills:
 * Level 9.1 Fighting
 + Level 6.3 Armour
 + Level 7.4 Dodging
 - Level 1.5 Stealth
 - Level 10.1 Spellcasting


You had 7 spell levels left.
You knew the following spells:

 Your Spells              Type           Power      Damage    Failure   Level
a - Sandblast             Erth           100%       2d20      1%          1
b - Passwall              Tmut/Erth      43%        N/A       1%          2
c - Stone Arrow           Conj/Erth      100%       3d13      1%          3
d - Petrify               Tmut/Erth      52%        N/A       1%          4
e - Summon Small Mammal   Summ           100%       N/A       1%          1
f - Static Discharge      Conj/Air       52%        N/A       1%          2
g - Corpse Rot            Necr/Air       N/A        N/A       1%          2
h - Ozocubu's Armour      Ice            52%        N/A       1%          3
i - Irradiate             Conj/Tmut      26%        3d22      2%          5
Your spell library was empty.

Dungeon Overview and Level Annotations

Branches:
Dungeon (10/15)            Temple (1/1) D:4            Lair (1/6) D:9
Ossuary (visited)
    Orc: D:9-12

Altars:
Ashenzari
Cheibriados
Dithmenos
Elyvilon
Fedhas
Gozag
Hepliaklqana
Kikubaaqudgha
Makhleb
Nemelex Xobeh
Okawaru
Qazlal
Ru
Sif Muna
Trog
Uskayaw
Vehumet
Wu Jian
Xom
Yredelemnul
Zin
The Shining One

Shops:
D:3 !   D:6 *

Portals:
Trove: D:10 (give +4 demon trident)


Innate Abilities, Weirdness & Mutations

You are immune to sickness and miasma.
You are immune to poison.
Your flesh is very heat resistant. (rF++)
You are vulnerable to cold. (rC-)
You float through the air rather than walking.
You learn spells naturally, not from books.
Your magical power is your life essence.
You have superior vitality. (+4 HP)


Message History

A wolf comes into view.
The wolf moves out of view. 2 wolves come into view.
The wolf moves out of view.
There is a staircase back to the Dungeon here.
The four-headed hydra barely misses you.
The four-headed hydra bites you!
The four-headed hydra bites you but does no damage.
The four-headed hydra bites you! The cane toad stings you!
You fly upwards.
Welcome back to the Dungeon!
There is a staircase to the Lair here.
Unknown command.
Unknown command.
Casting: Stone Arrow (safe; 1% risk of failure)
Confirm with . or Enter, or press ? or * to list all spells.
You erupt in a fountain of uncontrolled magic!
The four-headed hydra is blasted with magical radiation!!
The four-headed hydra is moderately wounded.
The four-headed hydra twists and deforms.
You are very lightly contaminated with residual magic.
The four-headed hydra bites you!
* * * LOW HITPOINT WARNING * * *
The four-headed hydra barely misses you.
The four-headed hydra bites you but does no damage.
The four-headed hydra bites you!
* * * LOW HITPOINT WARNING * * *
Unknown command.
Casting: Irradiate (dangerous; 2% risk of failure)
Confirm with . or Enter, or press ? or * to list all spells.
Aiming: Stone Arrow (safe; 1% risk of failure)
Press: ? - help, Shift-Dir - straight line, f - four-headed hydra
Aim: a four-headed hydra (moderately wounded, misshapen and mutated, 92% to hit)
The stone arrow hits the four-headed hydra!!
The four-headed hydra is heavily wounded.
* * * LOW HITPOINT WARNING * * *
The four-headed hydra bites you but does no damage.
The four-headed hydra bites you!
* * * LOW HITPOINT WARNING * * *
The four-headed hydra bites you!
You die...

####..#....#.....................
#..#....#.....................
#..'....#....................#
#..#....#..........#.......###
####..#.......................#≈≈
......#####............###...#≈≈#
##...........÷...........#...#≈≈≈
.#.............####......#...#≈≈#
.#########.....#@.#......#...##≈≈
...............#[D'......#....≈≈≈
...............####......#....###
.........................#......#
.......................###.......
......#####................###...
###...#....................#.....
..'...#..............#.....#.....
..#...#.........#....#.....######


You could see a four-headed hydra (misshapen).

Vanquished Creatures
  3 two-headed ogres
  Pikel (D:6)
  Joseph (D:10)
  A cane toad (Lair:1)
  A kobold demonologist (D:10)
  2 trolls
  A dream sheep (D:9)
  17 yaks
  Menkaure (D:6)
  3 water moccasins
  Edmund (D:6)
  An acid dragon (D:4)
  4 orc warriors
  A black bear (D:8)
  An ice beast (D:5)
  2 necrophages
  A sky beast (D:7)
  An ogre (D:5)
  3 centaurs
  A phantom (D:4)
  A kobold brigand (D:7)
  6 bullfrogs
  2 scorpions (D:5)
  2 wyvern zombies (D:8)
  3 killer bees (D:9)
  An electric eel (D:9)
  A howler monkey (D:9)
  2 centaur zombies
  A bullfrog zombie (D:5)
  A hound (D:4)
  13 orc priests
  5 iguanas
  A scorpion zombie (D:5)
  12 orc wizards
  14 mummies (Ossuary)
  A hound skeleton (D:4)
  A howler monkey zombie (D:4)
  4 gnolls (D:5)
  7 adders
  A white imp (D:6)
  2 adder skeletons
  2 dart slugs
  32 orcs
  8 endoplasms
  4 giant cockroaches
  9 goblins
  10 hobgoblins
  2 jackals (D:1)
  4 quokkas
  6 ball pythons
  4 bats
  4 frilled lizards
  A gnoll skeleton (Ossuary)
  2 goblin skeletons (Ossuary)
  14 kobolds
  2 kobold skeletons (Ossuary)
  3 orc skeletons (Ossuary)
  7 rats
  11 rat skeletons (Ossuary)
253 creatures vanquished.

Vanquished Creatures (others)
  4 dream sheep (D:9)
  25 fungi
  29 plants
58 creatures vanquished.

Grand Total: 311 creatures vanquished

Notes
Turn   | Place    | Note
-------+----------+-------------------------------------------
     0 | D:1      | Nattfarinn the Djinni Earth Elementalist began the quest
                  | for the Orb.
     0 | D:1      | Reached XP level 1. HP: 15/15 MP: 0/0
   240 | D:1      | Reached XP level 2. HP: 16/21 MP: 0/0
   507 | D:1      | Reached skill level 3 in Spellcasting
   916 | D:2      | Reached XP level 3. HP: 23/25 MP: 0/0
   916 | D:2      | Learned a level 1 spell: Summon Small Mammal
  1419 | D:2      | You are sucked into a shaft and drop 1 floor!
  1625 | D:3      | Reached XP level 4. HP: 30/31 MP: 0/0
  1631 | D:3      | Found Ecsouv's Distillery.
  1827 | D:3      | Reached skill level 4 in Spellcasting
  1831 | D:3      | Found a white marble altar of Elyvilon.
  2316 | D:3      | Found a faded altar of an unknown god.
  2457 | D:4      | Found an opulent altar of Gozag.
  2630 | D:4      | Noticed an acid dragon
  2641 | D:4      | Killed an acid dragon
  2642 | D:4      | Reached XP level 5. HP: 20/35 MP: 0/0
  2642 | D:4      | Learned a level 2 spell: Static Discharge
  2642 | D:4      | Reached XP level 6. HP: 23/40 MP: 0/0
  2928 | D:4      | Found a staircase to the Ecumenical Temple.
  3006 | D:4      | Reached skill level 5 in Spellcasting
  3235 | D:4      | You are sucked into a shaft and drop 2 floors!
  3236 | D:6      | Noticed Pikel
  3247 | D:6      | Noticed a necrophage
  3250 | D:6      | Killed Pikel
  3251 | D:6      | Reached skill level 6 in Spellcasting
  3251 | D:6      | Reached XP level 7. HP: 22/45 MP: 0/0
  3251 | D:6      | Learned a level 2 spell: Corpse Rot
  3251 | D:6      | Reached XP level 8. HP: 25/50 MP: 0/0
  3253 | D:6      | Reached skill level 7 in Spellcasting
  3531 | D:6      | Noticed Edmund
  3546 | D:6      | Killed Edmund
  3814 | D:6      | Found a broken altar of Ashenzari.
  3832 | D:6      | Found Qeodigh's Gadget Gallery.
  3980 | D:6      | Reached skill level 8 in Spellcasting
  4166 | D:6      | Noticed Menkaure
  4168 | D:6      | Killed Menkaure
  4448 | D:5      | Entered Level 5 of the Dungeon
  4503 | D:5      | Reached XP level 9. HP: 52/55 MP: 0/0
  4503 | D:5      | Learned a level 3 spell: Ozocubu's Armour
  4699 | D:5      | Found a sand-covered staircase.
  4704 | Ossuary  | Entered an ossuary
  5220 | D:5      | Reached skill level 9 in Spellcasting
  5405 | D:5      | Found an iron altar of Okawaru.
  5464 | D:5      | Found a stormy altar of Qazlal.
  7445 | D:7      | Reached skill level 10 in Spellcasting
  7776 | D:7      | Reached skill level 1 in Fighting
  7868 | D:7      | Reached skill level 1 in Armour
  7868 | D:7      | Reached XP level 10. HP: 63/63 MP: 0/0
  8330 | D:7      | Found a hide-covered altar of Uskayaw.
  9525 | D:9      | Found a shimmering altar of Xom.
  9710 | D:9      | Noticed a two-headed ogre
  9716 | D:9      | Killed a two-headed ogre
  9717 | D:9      | Reached skill level 5 in Fighting
  9902 | D:9      | Reached skill level 5 in Dodging
 10249 | D:9      | Reached XP level 11. HP: 54/76 MP: 0/0
 10249 | D:9      | Learned a level 5 spell: Irradiate
 10673 | D:9      | Reached skill level 5 in Armour
 10901 | D:9      | Found a staircase to the Lair.
 11344 | D:10     | Entered Level 10 of the Dungeon
 11745 | D:10     | Noticed a sixfirhy
 12042 | D:10     | Found the +3 salamander hide armour {Flames rF++ rC--}
 12384 | D:10     | Found a portal to a secret trove of treasure.
 12410 | D:10     | Noticed a two-headed ogre
 12413 | D:10     | Killed a two-headed ogre
 12496 | D:10     | Noticed Joseph
 12504 | D:10     | Killed Joseph
 12902 | D:10     | Noticed a two-headed ogre
 12907 | D:10     | Killed a two-headed ogre
 13049 | D:10     | Found a snail-covered altar of Cheibriados.
 13432 | Temple   | Entered the Ecumenical Temple
 13502 | Temple   | Became a worshipper of Makhleb the Destroyer
 13657 | Lair:1   | Entered Level 1 of the Lair of Beasts
 13687 | Lair:1   | Noticed a four-headed hydra
 13717 | D:9      | HP: 4/84 [four-headed hydra (7)]
 13717 | D:9      | Slain by a four-headed hydra

Illustrated notes

Levels and vault maps discovered:
D:1:      minmay_arrival_three_doors, layout_loops_ring
D:2:      kennysheep_six_static_rooms, layout_loops_ring, minmay_hedge_maze
D:3:      layout_rooms, elyvilon_altar_3, serial_shops, shop,
          shapermc_ecumenical_altar_mp_vishouse
D:4:      minmay_clustersquares, layout_basic,
          nicolae_gozag_cash_rules_everything_around_me,
          minmay_temple_entry_stoned_glass, minmay_door_square,
          palyth_stone_intersect, chequers_arboretum, eino_curves_04
D:5:      layout_loops_corners, okawaru_gym_becter, lemuel_tele_altar,
          enter_ossuary_2
D:6:      layout_gridville, lemuel_crystal_altar, minivault_11,
          nicolae_shop_gadgets, uniq_menkaure, uniq_edmund, uniq_pikel
D:7:      layout_rooms, mainiacjoe_overflow_surrounded_room,
          mainiacjoe_overflow_boulevard, serial_park_tiny_2,
          chequers_serial_rivers_micro_e
D:8:      layout_basic
D:9:      layout_irregular_city, kb_xom_exploding_sheep,
          grunt_lair_entry_orc_guard_hut, minivault_4
D:10:     layout_stronghold, kennysheep_slug_shrine, enter_trove_2,
          hangedman_abyss_or_decor_stabs, uniq_joseph
Temple:   nicolae_temple_god_jail
Lair:1:   layout_cellular_growth, wad_woods_road_02,
          chequers_serial_rivers_small_b

Skill      XL: |  1  2  3  4  5  6  7  8  9 10 11 |
---------------+----------------------------------+-----
Spellcasting   | 3 4 6 8 10 | 10.1
Fighting       | 1 6 9 |  9.1
Armour         | 1 4 6 |  6.3
Dodging        | 5 7 |  7.4
Stealth        | |  1.5

Action                   |  1- 3 |  4- 6 |  7- 9 | 10-12 || total
-------------------------+-------+-------+-------+-------++-------
Melee: Unarmed           |       |       |     1 |     1 ||     2
       Dagger            |       |       |       |    22 ||    22
 Cast: Sandblast         |    41 |    38 |   164 |    13 ||   256
       Stone Arrow       |     1 |    11 |    10 |   126 ||   148
       Summon Small Mamm |       |     1 |       |       ||     1
       Irradiate         |       |       |       |    10 ||    10
       Ozocubu's Armour  |       |       |       |     2 ||     2
  Use: Scroll            |       |     1 |     3 |       ||     4
       Potion            |       |     1 |       |     1 ||     2
 Stab: Sleeping          |       |       |       |     1 ||     1
Armor: Robe              |       |     2 |     5 |    19 ||    26
       Skin              |       |       |     4 |       ||     4
Dodge: Dodged            |     5 |    15 |    15 |    56 ||    91

Table legend: (Time is in decaauts)
 A = Elapsed time spent in this place.
 B = Non-inter-level travel time spent in this place.
 C = Inter-level travel time spent in this place.
 D = Time resting spent in this place.
 E = Time spent auto-exploring this place.
 F = Levels seen in this place.
 G = Mean time per level.
                   A        B        C        D        E       F      G
               +--------+--------+--------+--------+--------+-----+--------+
         Total |  13718 |  12935 |    783 |   1977 |   9801 |  13 | 1055.2 |
       Dungeon |  13107 |  12346 |    761 |   1977 |   9373 |  10 | 1310.7 |
        Temple |     79 |     59 |     20 |      0 |     57 |   1 |   79.0 |
          Lair |     57 |     57 |      0 |      0 |     24 |   1 |   57.0 |
       Ossuary |    473 |    473 |      0 |      0 |    347 |   1 |  473.0 |
               +--------+--------+--------+--------+--------+-----+--------+

Top non-repeatable levels by time:
    D:10: 1932 daAuts
     D:9: 1700 daAuts
     D:4: 1527 daAuts
     D:6: 1430 daAuts
     D:8: 1366 daAuts
     D:5: 1145 daAuts
     D:2: 1097 daAuts
     D:3: 1030 daAuts
     D:7: 962 daAuts
     D:1: 913 daAuts
 Ossuary: 473 daAuts
  Temple: 79 daAuts
  Lair:1: 57 daAuts
